AoeStats
← ITA | MarknighT

Black Forest

504039208Analyzed
1v1 RM · 1mo ago on Sep 3, 2026· 68m 50s· 2 players
Game mode
Random Map
Map size
Tiny (2 player)
Population
200
Speed
Normal
Resources
Standard
Victory
Conquest
Starting age
Dark Age
Ending age
Imperial Age
RankedLock teamsTeams togetherTeam positionsShared explorationLock speedFull tech treeHidden civsTurbo modeCheats
Victory
Defeat
🇺🇸 Tatars · United States
1980
+12
🇮🇹 Byzantines · Italy
1896
-12
ITA | MarknighT
0:38 Loom
11:04 Feudal Age
14:39 Castle Age
13:00 Double-Bit Axe
13:27 Horse Collar
17:07 Bow Saw
20:54 Wheelbarrow
20:48 Heavy Plow
24:54 Hand Cart
29:27 Imperial Age
27:30 Scale Mail Armor
27:31 Squires
26:55 Pikeman
27:21 Arson
27:49 Gold Mining
27:53 Stone Mining
29:02 Chain Mail Armor
29:17 Forging
31:15 Chemistry
30:48 Plate Mail Armor
30:50 Conscription
29:59 Halberdier
30:30 Capped Ram
32:06 Iron Casting
32:36 Siege Ram
38:33 Fletching
38:44 Padded Archer Armor
38:50 Scale Barding Armor
40:54 Two-Man Saw
40:26 Crop Rotation
42:32 Bodkin Arrow
43:01 Ballistics
44:46 Man-at-Arms
45:57 Bracer
48:46 Fortified Wall
53:48 Guilds
55:50 Bombard Tower
57:19 Murder Holes
58:07 Hoardings
Mycroft
10:40 Feudal Age
11:41 Town Watch
11:52 Town Watch
14:28 Castle Age
12:50 Double-Bit Axe
12:46 Horse Collar
15:28 Bow Saw
15:42 Heavy Plow
16:25 Loom
21:44 Gold Mining
22:55 Stone Mining
24:31 Wheelbarrow
27:39 Imperial Age
25:16 Fletching
26:23 Bodkin Arrow
26:28 Padded Archer Armor
26:22 Treadmill Crane
27:42 Hand Cart
27:09 Elite Skirmisher
28:22 Bracer
29:22 Chemistry
29:58 Siege Engineers
31:36 Leather Archer Armor
31:46 Conscription
31:42 Timurid Siegecraft
32:22 Gold Shaft Mining
32:25 Bloodlines
32:16 Husbandry
33:15 Silk Armor
33:32 Heavy Cavalry Archer
34:40 Ballistics
34:19 Loom
34:16 Light Cavalry
35:27 Ring Archer Armor
35:02 Scale Barding Armor
36:03 Fortified Wall
36:33 Onager
37:38 Hussar
38:30 Forging
39:00 Guilds
38:53 Onager
39:56 Chain Barding Armor
40:11 Iron Casting
42:02 Plate Barding Armor
44:38 Masonry
56:35 Blast Furnace
55:37 Sappers
66:49 Capped Ram
Connection lost

Rejoining the realm…

Still unreachable

The connection could not be restored.

Session expired

The server has moved on; the page needs a fresh start.